Map: Overgrowth LE (Void)

Players

SnagSanaga - Winner!

  • Race: Terran Terran
  • League: Diamond
  • Spawn Location: 1:00

VOD

Have the link to the VOD?

Description

Time

  • Played on: Dec. 12, 2016, 8:02 p.m.
  • Length: 5:21
Show
View Real Time Build Order
Export as new Build Order

SnagSanaga Terran - Winner!

Build Orders: Reaper Expand 

Get SALT Encoding   

  12  0:02  SCV  
  12  0:14  SCV  
  12  0:18  Supply Depot  
  12  0:26  SCV  
  12  0:39  SCV  
  12  0:41  Barracks  
  12  0:44  Refinery  
  12  0:52  SCV  
  12  1:04  SCV  
  12  1:16  SCV  
  12  1:28  Reaper  
  12  1:29  Orbital Command  
  12  1:40  Command Center  
  12  1:51  Barracks  
  12  1:54  SCV  
  12  2:00  Barracks Reactor  
  12  2:07  SCV  
  12  2:10  Supply Depot  
  12  2:18  Refinery  
  12  2:19  SCV  
  12  2:32  SCV  
  12  2:35  Factory  
  12  2:37  Marine x2  
  12  2:38  Barracks Tech Lab  
  12  2:44  SCV  
  12  2:52  Orbital Command  
  12  2:55  Marine x2  
  12  2:56  SCV  
  12  2:58  Marine  
  12  3:04  Stimpack  
  12  3:12  SCV  
  12  3:15  Marine x2  
  12  3:16  Marine  
  12  3:22  Starport  
  12  3:23  Factory Reactor  
  12  3:25  SCV  
  12  3:29  SCV  
  12  3:33  Marine x2  
  12  3:34  Marine  
  12  3:41  SCV  
  12  3:44  SCV, Supply Depot  
  12  3:51  Marine x2  
  12  3:52  Marine  
  12  3:53  SCV  
  12  3:55  Supply Depot  
  12  4:06  SCV  
  12  4:07  Medivac x2  
  12  4:09  Marine x2  
  12  4:10  SCV  
  12  4:16  Marine  
  12  4:17  Factory Tech Lab  
  12  4:20  Supply Depot  
  12  4:21  SCV  
  12  4:24  SCV  
  12  4:33  SCV  
  12  4:36  SCV  
  12  4:38  Command Center  
  12  4:44  Marine x2  
  12  4:46  Bunker, SCV  
  12  4:50  SCV  
  12  4:51  Supply Depot  
  12  4:59  SCV  
  12  5:02  Engineering Bay  
  12  5:03  Engineering Bay  
  12  5:04  SCV  
Tags
 
Add a new tag
Caveats
  • Supply blocks, unpowered buildings, or Contaminate may cause inaccurate times.
  • Supply counts are checked every 10 seconds.